 Dungeon Crawl Stone Soup version 0.28.0-53-g5a82cb258f (webtiles) character file.

Game seed: 231574868341864822

93 jjjjhere the Ruffian (level 4, -1/37 HPs)
             Began as a Ghoul Arcane Marksman on Sept 3, 2022.
             Was a Follower of Makhleb.
             Slain by a river rat (6 damage)
             ... in a sewer.
             The game lasted 00:04:19 (2343 turns).

jjjjhere the Ruffian (Ghoul Arcane Marksman)        Turns: 2343, Time: 00:04:20

Health: -1/37      AC:  9    Str: 15    XL:     4   Next: 61%
Magic:  4/4        EV: 10    Int:  8    God:    Makhleb [*.....]
Gold:   59         SH:  0    Dex:  9    Spells: 4/5 levels left

rFire   . . .      SeeInvis .     - Unarmed
rCold   + . .      Faith    .   (no shield)
rNeg    + + +      Spirit   .   f - +0 ring mail
rPois   ∞          Reflect  .   (no helmet)
rElec   .          Harm     .   d - +0 cloak
rCorr   .          Rampage  .   (no gloves)
Will    .....                   h - +2 pair of boots
Stlth   ..........              (no amulet)
HPRegen 0.00/turn               (no ring)
MPRegen 0.09/turn               (no ring)

@: mighty, flying (expiring), inhibited regen
A: claws 1, cold resistance 1, negative energy resistance 3, inhibited
regeneration, torment resistance 2
a: Renounce Religion


You were in a sewer.
You worshipped Makhleb.
Makhleb was aware of your devotion.
You visited 1 branch of the dungeon, and saw 3 of its levels.
You also visited: Sewer.

You collected 59 gold pieces.

Inventory:

Missiles
 b - 5 javelins (quivered)
 c - 2 throwing nets
Armour
 a - a +0 robe
 d - a +0 cloak (worn)
 f - a +0 ring mail (worn)
 h - a +2 pair of boots (worn)
Scrolls
 g - 3 scrolls of identify {unknown}


   Skills:
 + Level 2.7 Fighting
 - Level 1.7 Throwing
 - Level 1.7 Dodging
 * Level 3.6 Unarmed Combat
 - Level 1.0 Spellcasting
 - Level 2.4 Hexes


You had 4 spell levels left.
You knew the following spells:

 Your Spells              Type           Power      Damage    Failure   Level
a - Slow                  Hex            16%        N/A       30%         1

Your spell library contained the following spells:

 Spells                   Type           Power      Damage    Failure   Level
 Inner Flame              Hex/Fire       2%         N/A       82%         3
 Portal Projectile        Hex/Tloc       4%         N/A       82%         3
 Cause Fear               Hex            2%         N/A       96%         4


Dungeon Overview and Level Annotations

Branches:
Dungeon (3/15)              Sewer (1/1)

Altars:
Cheibriados
Gozag
Kikubaaqudgha
Makhleb
Beogh


Innate Abilities, Weirdness & Mutations

You thrive by killing the living.
You are immune to poison.
You have sharp fingernails.
Your flesh is cold resistant. (rC+)
You are immune to negative energy. (rN+++)
You do not regenerate when monsters are visible.
You are immune to unholy pain and torment.


Message History

The river rat bites you. The river rat misses you.
You scratch the river rat but do no damage.
The river rat is almost dead.
The river rat bites you but does no damage.
You scratch the river rat.
You kill the river rat!
Makhleb accepts your kill.
You feel better.
The river rat bites you but does no damage.
The river rat closely misses you.
You completely miss the river rat. The river rat bites you. x2
* * * LOW HITPOINT WARNING * * *
The river rat barely misses you.
You completely miss the river rat. The river rat barely misses you.
The river rat bites you.
* * * LOW HITPOINT WARNING * * *
The river rat barely misses you.
It was a potion of flight.
You feel very buoyant.
You fly up into the air.
The river rat bites you but does no damage.
The river rat barely misses you.
The river rat bites you but does no damage.
The river rat bites you but does no damage.
You are starting to lose your buoyancy.
It was a potion of might.
You feel very mighty all of a sudden. The river rat closely misses you.
The river rat barely misses you. x3
You claw the river rat!
The river rat is severely wounded.
The river rat closely misses you.
The river rat bites you but does no damage.
The river rat bites you.
* * * LOW HITPOINT WARNING * * *
You claw the river rat!
You kill the river rat!
Makhleb accepts your kill.
You feel better. The river rat closely misses you. The river rat bites you.
You die...

#################################
≈.≈≈≈≈≈≈≈.≈≈..≈.@†≈≈≈≈≈≈≈≈..≈.≈≈.
≈≈≈≈≈≈≈≈≈≈≈≈≈≈≈rr≈≈≈≈≈≈≈≈≈≈≈≈≈≈≈≈
≈≈≈.≈.≈≈.≈≈.≈≈≈≈≈.≈.≈≈≈≈≈≈≈≈..≈≈≈
≈≈#####≈≈≈#######################
≈≈# #≈≈≈# ###### # ≈.# #≈≈≈#
#.... # ≈≈# #≈≈.# +#####''#####
≈≈# #.≈≈# ..........≈≈≈ ≈≈#
.........≈.≈≈


You could see 2 river rats.

Vanquished Creatures
  An adder (D:2)
  2 river rats (Sewer)
  2 orcs (D:2)
  8 ball pythons
  2 endoplasms
  3 giant cockroaches
  5 goblins
  5 hobgoblins (D:1)
  4 jackals
  9 kobolds
  8 quokkas
  9 bats
  4 frilled lizards
  4 rats
66 creatures vanquished.

Notes
Turn   | Place    | Note
-------+----------+-------------------------------------------
     0 | D:1      | jjjjhere the Ghoul Arcane Marksman began the quest for the
                  | Orb.
     0 | D:1      | Reached XP level 1. HP: 16/16 MP: 1/1
    43 | D:1      | Reached skill level 1 in Unarmed Combat
    65 | D:1      | HP: 3/16 [quokka (4)]
    67 | D:1      | Reached XP level 2. HP: 5/23 MP: 2/2
   466 | D:1      | Reached skill level 2 in Unarmed Combat
   664 | D:1      | Reached XP level 3. HP: 14/29 MP: 3/3
  1351 | D:2      | Found a snail-covered altar of Cheibriados.
  1362 | D:2      | Reached skill level 3 in Unarmed Combat
  1362 | D:2      | Reached XP level 4. HP: 32/37 MP: 4/4
  1569 | D:2      | Found a faded altar of an unknown god.
  1583 | D:2      | Prayed at the altar of an unknown god.
  1583 | D:2      | Became a worshipper of Makhleb the Destroyer
  1583 | D:2      | Reached * piety under Makhleb
  2143 | D:3      | Found an opulent altar of Gozag.
  2143 | D:3      | Found an ancient bone altar of Kikubaaqudgha.
  2168 | D:3      | Found a glowing drain.
  2198 | Sewer    | Entered a sewer
  2317 | Sewer    | HP: 10/37 [river rat (6)]
  2342 | Sewer    | HP: 1/37 [river rat (6)]
  2343 | Sewer    | Slain by a river rat

Illustrated notes

Levels and vault maps discovered:
D:1:      minmay_arrival_diagonal_passages, layout_loops_ring,
          grunt_decor_one_mirror, minmay_misc_feat_four_crosses
D:2:      layout_loops_ring, basic_altar,
          hellmonk_ecumenical_altar_defaced_shrine, wad_floor_pattern_untrapped
D:3:      layout_basic, jmf_multi_god_temple, portal_sewer_entry_f, uniq_terence
Sewer:    sewer_fruit_machine

Skill      XL: |  1  2  3 |
---------------+----------+-----
Unarmed Combat | 1 2 3 |  3.6
Fighting       | 2 |  2.7
Throwing       | |  1.7
Dodging        | |  1.7
Spellcasting   | |  1.0
Hexes          | |  2.4

Action                   |  1- 3 |  4- 6 || total
-------------------------+-------+-------++-------
Melee: Unarmed           |   103 |    78 ||   181
       Punch             |     1 |     2 ||     3
Throw: Javelin           |    19 |       ||    19
  Use: Potion            |       |     2 ||     2
Armor: Robe              |    47 |       ||    47
       Ring mail         |    10 |    64 ||    74
Dodge: Dodged            |   107 |    72 ||   179
